 Dungeon Crawl Stone Soup version 0.29-a0-338-g1ff7896281 (webtiles) character file.

Game seed: 10466094135017247279

3 siradein the Vexing (level 1, -1/18 HPs)
             Began as a Naga Arcane Marksman on Apr 18, 2022.
             Slain by a kobold
             ... wielding a +0 club
              (4 damage)
             ... on level 1 of the Dungeon.
             The game lasted 00:00:35 (85 turns).

siradein the Vexing (Naga Arcane Marksman)            Turns: 85, Time: 00:00:35

Health: -1/18      AC:  1    Str: 12    XL:     1   Next: 50%
Magic:  0/2        EV:  9    Int: 13    God:
Gold:   31         SH:  0    Dex: 11    Spells: 1/2 levels left

rFire   . . .      SeeInvis +   a - +0 shortbow
rCold   . . .      Faith    .   (shield currently unavailable)
rNeg    . . .      Spirit   +   b - +0 robe
rPois   +          Reflect  .   (no helmet)
rElec   .          Harm     .   (no cloak)
rCorr   .          Rampage  .   (no gloves)
Will    .....                   (no barding)
Stlth   +.........              d - amulet of guardian spirit
HPRegen 0.06/turn               (no ring)
MPRegen 0.08/turn               (no ring)

@: very slow
A: AC +0, large, see invisible, deformed body, poison resistance, slowness 2,
spit poison 1, naga tail 1
a: Spit Poison


You were on level 1 of the Dungeon.
You visited 1 branch of the dungeon, and saw 1 of its levels.

You collected 31 gold pieces.

Inventory:

Hand Weapons
 a - a +0 shortbow (weapon)
Armour
 b - a +0 robe (worn)
Jewellery
 d - an amulet of guardian spirit (around neck)
 e - a ring of wizardry
Scrolls
 c - a scroll of vulnerability
 f - 3 scrolls of fear {unknown}


   Skills:
 + Level 1.1 Fighting
 + Level 1.8 Bows
 + Level 1.6 Dodging
 + Level 1.0 Spellcasting
 + Level 3.0 Hexes


You had one spell level left.
You knew the following spells:

 Your Spells              Type           Power      Damage    Failure   Level
a - Slow                  Hex            32%        N/A       9%          1

Your spell library contained the following spells:

 Spells                   Type           Power      Damage    Failure   Level
 Beastly Appendage        Tmut           0%         N/A       28%         1
 Wereblood                Tmut           0%         N/A       38%         2
 Inner Flame              Hex/Fire       4%         N/A       41%         3
 Portal Projectile        Hex/Tloc       8%         N/A       41%         3
 Spider Form              Tmut/Pois      0%         N/A       63%         3
 Cause Fear               Hex            4%         N/A       63%         4


Dungeon Overview and Level Annotations

Branches:
Dungeon (1/15)

Altars:


Innate Abilities, Weirdness & Mutations

Your serpentine skin is tough. (AC +0)
You have supernaturally acute eyesight. (SInv)
Armour fits poorly on your strangely shaped body.
Your system is resistant to poisons. (rPois)
You cover ground very slowly.
You can spit poison.
You have a snake-like lower body.


Message History

A hobgoblin comes into view.
The hobgoblin moves out of view.
You shoot an arrow. The arrow barely misses the quokka.
You shoot an arrow. The arrow misses the quokka.
A kobold comes into view. It is wielding a +0 club.
You shoot an arrow. The arrow misses the quokka.
The arrow closely misses the hobgoblin.
The quokka bites you. x2
You shoot an arrow. The arrow closely misses the quokka.
The arrow closely misses the hobgoblin.
The quokka closely misses you. The quokka barely misses you.
You shoot an arrow. The arrow barely misses the quokka.
The quokka bites you but does no damage.
The hobgoblin hits you. The quokka bites you.
You are too injured to fight recklessly!
The quokka attacks as you move away! The quokka closely misses you.
The quokka bites you.
* * * LOW HITPOINT WARNING * * *
You don't have enough magic to cast this spell.
Shoot: a) +0 shortbow
Press: ? - help, Q - select action, (/) - cycle Shift-Dir - straight line, f/p - quokka
Aim: a quokka (41% to hit)
You shoot an arrow. The arrow closely misses the quokka.
The arrow barely misses the hobgoblin.
The quokka bites you.
* * * LOW HITPOINT WARNING * * *
The quokka closely misses you.
Shoot: a) +0 shortbow
Press: ? - help, Q - select action, (/) - cycle Shift-Dir - straight line, f/p - quokka
Aim: a quokka (41% to hit)
You shoot an arrow. The arrow closely misses the quokka.
The arrow hits the hobgoblin but does no damage.
The quokka barely misses you.
Shoot: a) +0 shortbow
Press: ? - help, Q - select action, (/) - cycle Shift-Dir - straight line, f/p - quokka
Aim: a quokka (41% to hit)
You shoot an arrow. The arrow barely misses the quokka.
The arrow barely misses the hobgoblin.
The quokka bites you but does no damage. x2
The kobold hits you with a +0 club.
You die...

# #.# . #.# # #.# #
#.# # #.# #########
#.# ........###
#.#####
..........####...K.#
....###.#.......@#.#
###.###.########r#.###
.(.........# #g....#
###.###.##.# #.....# #
#.# #.# # #......# #
#.# #.# .)......#
..... ... .........#
###.# ### .........#.#
#.. ..#...#.....


You could see a quokka, a hobgoblin and a kobold.

Vanquished Creatures
  A kobold (D:1)
  A quokka (D:1)
  A ball python (D:1)
3 creatures vanquished.

Notes
Turn   | Place    | Note
-------+----------+-------------------------------------------
     0 | D:1      | siradein the Naga Arcane Marksman began the quest for the
                  | Orb.
     0 | D:1      | Reached XP level 1. HP: 18/18 MP: 2/2
    85 | D:1      | Slain by a kobold

Illustrated notes

Levels and vault maps discovered:
D:1:      minmay_arrival_glassed_features, layout_loops_ring, minmay_lizard_pond

Action                   || total
-------------------------++-------
 Fire: Shortbow          ||    13
Armor: Robe              ||     3
Dodge: Dodged            ||     5

Table legend: (Time is in decaauts)
 A = Elapsed time spent in this place.
 B = Non-inter-level travel time spent in this place.
 C = Inter-level travel time spent in this place.
 D = Time resting spent in this place.
 E = Time spent auto-exploring this place.
 F = Levels seen in this place.
 G = Mean time per level.
                   A        B        C        D        E       F      G
               +--------+--------+--------+--------+--------+-----+--------+
         Total |    114 |    114 |      0 |      0 |     78 |   1 |  114.0 |
       Dungeon |    114 |    114 |      0 |      0 |     78 |   1 |  114.0 |
               +--------+--------+--------+--------+--------+-----+--------+

Top non-repeatable levels by time:
     D:1: 114 daAuts
